 Dungeon Crawl Stone Soup version 0.19.5 (webtiles) character file.

330266 JeffiDaFish the Peltast (level 21, -2/126 HPs)
             Began as a Gargoyle Fighter on Feb 28, 2017.
             Was a High Priest of Jiyva.
             Slain by a tengu reaver
             ... wielding a +1 vampiric battleaxe
             ... led by Sojobo
              (14 damage)
             ... on level 2 of the Vaults on Mar 2, 2017.
             The game lasted 02:04:21 (43606 turns).

JeffiDaFish the Peltast (Gargoyle Fighter)         Turns: 43606, Time: 02:04:23

Health: -2/126     AC: 58    Str: 30    XL:     21   Next: 74%
Magic:  34/34      EV: 12    Int: 17    God:    Jiyva [*****.]
Gold:   280        SH: 30    Dex: 22    Spells: 2 memorised, 27 levels left

rFire  . . .     SeeInvis +     o - +9 morningstar of Eburaxit {protect, rPois rC- MR++ Int+4}
rCold  . . .     Gourm    .     D - +8 chain mail of the Six Runes {rC+ Dex+4 SInv}
rNeg   + + .     Faith    .     j - +2 large shield
rPois  ∞         Spirit   .     H - +0 helmet of the Shoals {*Drain rN+ Int+3 Dex+8}
rElec  +         Reflect  +     q - +2 cloak
rCorr  +         Harm     .     A - +2 pair of gloves
MR     ++++.     Clarity  +     K - +2 pair of boots {run}
Stlth  ..........               v - +4 amulet of reflection
                                e - +5 ring of slaying
                                R - ring "Mafrep" {MR+ Dex+2}

@: protection aura, flying, studying Ice Magic, quick
A: big wings, see invisible, clarity, frail 1, negative energy resistance 1,
electricity resistance, unbreathing, petrification resistance, rot immunity, AC
+15
a: Stop Flying, Request Jelly, Slimify, Cure Bad Mutation, Renounce Religion
}: 2/15 runes: serpentine, barnacled


You were on level 2 of the Vaults.
You worshipped Jiyva.
Jiyva was extremely pleased with you.
You were completely stuffed.

You visited 8 branches of the dungeon, and saw 36 of its levels.
You visited 1 bazaar.
You also visited: Labyrinth, Bailey, Ice Cave and Volcano.

You collected 3794 gold pieces.
You spent 3514 gold pieces at shops.

Inventory:

Hand Weapons
 o - the +9 morningstar of Eburaxit (weapon) {protect, rPois rC- MR++ Int+4}
   (Okawaru gifted it to you on level 12 of the Dungeon)

   It protects the one who uses it against injury (+AC on strike).
   It affects your intelligence (+4).
   It makes you vulnerable to cold.
   It protects you from poison.
   It affects your resistance to hostile enchantments.
 x - a +5 demon whip of electrocution
Armour
 j - a +2 large shield (worn)
 q - a +2 cloak (worn)
 A - a +2 pair of gloves (worn)
 D - the +8 chain mail of the Six Runes (worn) {rC+ Dex+4 SInv}
   (Okawaru gifted it to you in a labyrinth)

   It affects your dexterity (+4).
   It protects you from cold.
   It lets you see invisible.
 H - the +0 helmet of the Shoals (worn) {*Drain rN+ Int+3 Dex+8}
   (Okawaru gifted it to you in a volcano)

   It affects your intelligence (+3).
   It affects your dexterity (+8).
   It protects you from negative energy.
   It causes draining when unequipped.
 K - a +2 pair of boots of running (worn)
Jewellery
 e - a +5 ring of slaying (right hand)
 v - a +4 amulet of reflection (around neck)
 R - the ring "Mafrep" (left hand) {MR+ Dex+2}
   (You found it on level 13 of the Dungeon)

   [ring of protection from magic]

   It affects your dexterity (+2).
   It affects your resistance to hostile enchantments.
Scrolls
 b - 14 scrolls of remove curse
 l - 3 scrolls of blinking
 m - 7 scrolls of identify
 p - 11 scrolls of teleportation
 t - 7 scrolls of amnesia
 B - 3 scrolls of fog
 C - 2 scrolls of magic mapping
 G - 5 scrolls of recharging
 J - 3 scrolls of silence
Potions
 a - a potion of curing
 d - a potion of might
 k - 2 potions of cancellation
 r - 2 potions of agility
 s - 3 potions of berserk rage
 w - 5 potions of haste
 E - 6 potions of brilliance
 N - 2 potions of resistance
 P - a potion of cure mutation
Books
 h - a manual of Ice Magic
 y - a book of Spatial Translocations

   Spells                             Type                      Level
   a - Blink                          Translocation                2
   b - Shroud of Golubria             Charms/Translocation         2
   c - Lesser Beckoning               Translocation                3
   d - Portal Projectile              Translocation                3
   e - Teleport Other                 Translocation                3
   f - Passage of Golubria            Translocation                4
 z - a book of Power

   Spells                             Type                      Level
   a - Fulminant Prism                Conjuration/Hexes            4
   b - Iskenderun's Mystic Blast      Conjuration                  4
   c - Venom Bolt                     Conjuration/Poison           5
   d - Bolt of Magma                  Conjuration/Fire/Earth       5
   e - Iron Shot                      Conjuration/Earth            6
   f - Orb of Destruction             Conjuration                  7
   g - Spellforged Servitor           Conjuration/Summoning        7
 I - a book of the Tempests

   Spells                             Type                      Level
   a - Static Discharge               Conjuration/Air              3
   b - Lightning Bolt                 Conjuration/Air              5
   c - Fireball                       Conjuration/Fire             5
   d - Tornado                        Air                          9
   e - Shatter                        Earth                        9
Comestibles
 f - 17 bread rations
 g - 12 meat rations
 i - 9 slices of pizza
 n - 35 fruits
 u - 14 beef jerkies
 M - 9 royal jellies


   Skills:
 * Level 17.4 Fighting
 * Level 18.6 Maces & Flails
 * Level 17.7 Armour
 - Level 4.3 Dodging
 - Level 2.5 Stealth
 * Level 18.9 Shields
 - Level 0.4 Unarmed Combat
 + Level 9.2 Spellcasting
 + Level 12.2 Earth Magic


You had 27 spell levels left.
You knew the following spells:

 Your Spells              Type           Power        Failure   Level  Hunger
a - Swiftness             Chrm/Air       #.......     88%         2    None
b - Shatter               Erth           #####.....   100%        9    #######


Dungeon Overview and Level Annotations

Branches:
Dungeon (15/15)            Temple (1/1) D:6            Lair (6/6) D:11
 Shoals (4/4) Lair:2        Snake (4/4) Lair:2        Slime (1/5) Lair:5
    Orc (2/2) D:12            Elf (0/3) Orc:2        Vaults (3/5) D:13
 Depths (0/5) D:15
  Crypt: Vaults:2-3

Altars:
Ashenzari
Cheibriados
Dithmenos
Elyvilon
Fedhas
Gozag
Hepliaklqana
Kikubaaqudgha
Makhleb
Nemelex Xobeh
Okawaru
Qazlal
Ru
Sif Muna
Trog
Uskayaw
Vehumet
Xom
Yredelemnul
Zin
The Shining One
Beogh
Jiyva

Shops:
Orc:2 [[[}   Shoals:3 :[   Shoals:4 [(?   Vaults:1 =

Portals:
Trove: D:15 (give 8 potions of agility)

Annotations:
Lair:5 exclusion: oklob plant
Vaults:3 Sojobo


Innate Abilities, Weirdness & Mutations

You are resistant to torment.
Your stone body is resilient. (AC +15)
You are immune to poison.
Your large and strong wings let you fly indefinitely.
You resist negative energy. (rN+)
You are resistant to electric shocks. (rElec)
You can survive without breathing.
You are immune to petrification.
You are immune to rotting.
You have supernaturally acute eyesight. (SInv)
You possess an exceptional clarity of mind.
You are frail. (-10% HP)


Message History

The tengu reaver is lightly wounded.
You block the tengu reaver's attack. x2
The tengu reaver claws you but does no damage.
You hit the tengu reaver but do no damage.
The tengu reaver is lightly wounded.
You closely miss the tengu reaver.
The tengu reaver is lightly wounded.
You block the tengu reaver's attack. x2
The tengu reaver claws you but does no damage.
You impale the tengu reaver!!
The tengu reaver is heavily wounded.
The tengu reaver closely misses you. The tengu reaver pecks you.
* * * LOW HITPOINT WARNING * * *
You block the tengu reaver's attack.
You sock the tengu reaver!
The tengu reaver is severely wounded.
You closely miss the tengu reaver.
The tengu reaver is severely wounded.
The tengu reaver hits you with a vampiric battleaxe!
You die...

#...........#..#....>..#......
#############..#.......#......
#..#.......#......
#..###'#'###......
#.................
########.................
#....*.#........JJ.......
#......#.................
#..>..CQ@................
#......#)................
#......##############'###
#......# #.......
#######'##### #.......
#...........# #.......
#....#.#....# #.......
#...##.##...# #.......
#..##.).##..# #.......


You could see a frost giant, a tengu reaver and a battlesphere.

Vanquished Creatures
  Rupert (D:15)
  The ghost of Chimkentus the Sorcerer, an adept SpEn of Sif Muna (Shoals:4)
  A deep elf blademaster (Vaults:2)
  4 titans (Vaults:2)
  A kraken (Shoals:4)
  A tengu reaver (Vaults:2)
  7 nagarajas
  Ilsuiw (Shoals:4)
  Donald (Vaults:3)
  Kirke (Snake:3)
  2 frost giants
  2 orc warlords
  4 vault wardens
  4 ironheart preservers
  2 stone giants (Vaults:2)
  2 entropy weavers (Vaults:1)
  A dire elephant (D:15)
  2 deep elf annihilators (Vaults:1)
  2 minotaurs
  5 merfolk javelineers
  9 merfolk impalers
  3 great orbs of eyes
  3 yaktaur captains
  3 fire dragons
  12 hydras
  3 ice dragons
  2 vault guards (Vaults:2)
  A rakshasa (Vaults:1)
  Harold (Lair:3)
  The ghost of Danteric the Carver, a journeyman DsFi of Uskayaw (Lair:2)
  A death knight (Vaults:1)
  21 naga warriors
  7 merfolk avatars
  The ghost of darthinebriated the Stickfighter, a novice MiFi of Makhleb (Bailey)
  An alligator (Snake:1)
  5 centaur warriors
  24 anacondas
  The ghost of Grinner the Blocker, a novice TrFi (Volcano)
  3 satyrs
  5 merfolk aquamancers
  A dancing weapon (Orc:2)
  4 ogre magi
  A hell hog (Volcano)
  2 alligator snapping turtles
  13 naga sharpshooters
  A tengu warrior (D:15)
  6 orc high priests (Orc:2)
  Nergalle (Lair:1)
  6 shock serpents
  A deep elf knight (Vaults:1)
  The ghost of JeffiDaFish the Basher, a novice GrFi of Okawaru (D:8)
  A fire crab (shapeshifter) (Vaults:1)
  5 skeletal warriors (Vaults:2)
  12 sea snakes
  6 salamander mystics
  4 hell knights (D:13)
  4 hill giants
  3 wizards
  12 orc knights
  7 naga ritualists
  Pikel (D:4)
  3 deep elf archers (Vaults:1)
  4 necromancers
  6 ironbrand convokers
  41 harpies
  6 deep elf magi
  5 lindwurms
  13 mana vipers
  A wolf spider zombie (D:15)
  25 ugly things
  4 orc sorcerers
  A wolf spider (D:15)
  15 manticores
  21 fauns
  14 salamanders
  9 cyclopes
  A human zombie (Vaults:1)
  15 sirens
  15 naga magi
  3 elephants (Lair:1)
  2 rust devils (D:13)
  6 vault sentinels
  Maurice (D:12)
  9 guardian serpents
  3 ice statues (IceCv)
  6 water nymphs
  An orange demon (D:13)
  Psyche (D:12)
  5 torpor snails (Lair:6)
  50 black mambas
  Joseph (D:7)
  The ghost of Saba the Archer, a novice CeHu of Okawaru (D:4)
  6 gargoyles
  9 komodo dragons
  7 spiny frogs
  2 freezing wraiths
  4 kobold demonologists
  2 rime drakes
  A yaktaur zombie (Vaults:1)
  13 yaktaurs
  2 efreet
  33 merfolk
  5 trolls
  9 hornets
  A yaktaur skeleton (Vaults:1)
  A jumping spider (Vaults:1)
  12 snapping turtles
  6 meliai
  3 wind drakes
  13 two-headed ogres
  9 hippogriffs
  9 polar bears
  16 dream sheep
  4 tyrant leeches (Lair:6)
  5 blink frogs (Lair:6)
  4 raiju (Lair:6)
  A snapping turtle (shapeshifter) (Vaults:2)
  8 slime creatures
  A shadow (D:15)
  A centaur simulacrum (D:15)
  Sigmund (D:5)
  6 redbacks (Vaults:1)
  13 water elementals
  A vampire (D:15)
  41 yaks
  3 wraiths
  4 wyverns
  2 hogs (Snake:3)
  8 fire bats
  A steam dragon (Volcano)
  A hungry ghost (D:14)
  7 basilisks
  12 wargs
  Menkaure (D:5)
  A swamp worm (Snake:1)
  4 mottled dragons
  7 vampire mosquitoes
  58 nagas
  Edmund (D:5)
  16 hell hounds
  7 water moccasins
  A floating eye (shapeshifter) (Vaults:2)
  An ogre skeleton (Vaults:1)
  5 porcupines
  58 orc warriors
  2 hornet zombies
  13 black bears (Lair:6)
  10 ice beasts
  3 swamp drakes (Snake:1)
  5 phantoms
  2 sky beasts
  An eye of draining (D:12)
  16 ogres
  19 centaurs
  15 wolves (Lair:6)
  14 crocodiles
  4 big kobolds
  A gnoll sergeant (D:13)
  12 bullfrogs
  2 wyvern zombies (D:7)
  3 killer bees (D:10)
  4 scorpions
  A human simulacrum (Vaults:2)
  A howler monkey (D:5)
  An electric eel (Lair:2)
  2 bullfrog zombies
  9 crimson imps
  A quasit (D:9)
  5 centaur zombies
  20 hounds
  Crazy Yiuf (D:7)
  10 jellies
  28 orc priests
  4 bullfrog skeletons
  4 centaur skeletons
  A gnoll shaman (D:5)
  2 iguanas
  19 orc wizards
  8 hell rats
  11 worker ants
  A worker ant zombie (D:7)
  28 gnolls
  10 adders
  11 river rats (Lair:5)
  4 shadow imps
  2 oozes (Lair:5)
  2 worms
  2 dart slugs
  4 leopard geckos
  127 orcs
  4 bats
  2 giant cockroaches
  20 goblins
  20 hobgoblins
  13 jackals
  18 kobolds
  5 quokkas
  6 frilled lizards
  A quokka zombie (D:9)
  3 rats
  A butterfly (Lair:3)
  3 tentacles (Shoals:4)
1520 creatures vanquished.

Vanquished Creatures (others)
  A stone giant (Vaults:3)
  4 merfolk javelineers
  2 yaktaur captains
  4 centaur warriors
  3 satyrs
  An unseen horror (shapeshifter) (D:15)
  A naga ritualist (Snake:4)
  2 fauns
  2 cyclopes
  4 naga magi
  6 yaktaurs
  A two-headed ogre (Vaults:2)
  A hornet (Vaults:2)
  A human (Snake:3)
  A hog (shapeshifter) (Vaults:2)
  A slave (D:4)
  An ogre (Vaults:2)
  6 centaurs
  A scorpion (shapeshifter) (Vaults:2)
  38 jellies (Vaults:2)
  2 orc priests (Vaults:2)
  An orc wizard (D:4)
  4 orcs
  A giant cockroach (D:4)
  2 jackals (D:4)
  2 fungi (Lair:6)
  29 plants
  7 tentacles (Shoals:4)
129 creatures vanquished.

Grand Total: 1649 creatures vanquished

Notes
Turn   | Place    | Note
-------+----------+-------------------------------------------
     0 | D:1      | JeffiDaFish the Gargoyle Fighter began the quest for the Orb.
     0 | D:1      | Reached XP level 1. HP: 14/14 MP: 1/1
   113 | D:1      | Reached XP level 2. HP: 17/19 MP: 2/2
   974 | D:2      | Reached skill level 5 in Maces & Flails
   974 | D:2      | Reached XP level 3. HP: 27/27 MP: 3/3
  1054 | D:2      | Reached XP level 4. HP: 32/32 MP: 4/4
  1702 | D:3      | Reached XP level 5. HP: 36/36 MP: 5/5
  1836 | D:3      | Noticed a phantom
  1868 | D:3      | Killed a phantom
  1868 | D:3      | Reached XP level 6. HP: 41/41 MP: 6/6
  1984 | D:4      | Noticed a phantom
  2026 | D:3      | Reached skill level 1 in Dodging
  2173 | D:4      | Noticed a slave
  2173 | D:4      | Noticed a slave
  2175 | D:4      | Noticed Pikel
  2177 | D:4      | Noticed a slave
  2181 | D:4      | Noticed a slave
  2191 | D:4      | Killed Pikel
  2191 | D:4      | Reached XP level 7. HP: 46/47 MP: 7/7
  2395 | D:4      | Found a shattered altar of Ashenzari.
  2442 | D:4      | Reached XP level 8. HP: 51/52 MP: 8/8
  2540 | D:4      | Noticed Saba's ghost (novice CeHu)
  2552 | D:4      | Killed Saba's ghost
  3169 | D:5      | Entered Level 5 of the Dungeon
  3481 | D:5      | Reached XP level 9. HP: 32/56 MP: 9/9
  3696 | D:5      | Noticed Sigmund
  3717 | D:5      | Killed Sigmund
  4402 | D:5      | Reached skill level 1 in Stealth
  4411 | D:5      | Noticed Menkaure
  4424 | D:5      | Killed Menkaure
  4576 | D:5      | Noticed Edmund
  4593 | D:5      | Killed Edmund
  4636 | D:6      | Found a staircase to the Ecumenical Temple.
  4675 | Temple   | Entered the Ecumenical Temple
  4761 | Temple   | Became a worshipper of Warmaster Okawaru
  5400 | D:6      | You fall through a shaft!
  5410 | D:7      | Noticed a hill giant
  5425 | D:7      | Killed a hill giant
  5425 | D:7      | Reached * piety under Okawaru
  5425 | D:7      | Reached XP level 10. HP: 28/63 MP: 10/10
  5633 | D:7      | Noticed Joseph
  5647 | D:7      | Killed Joseph
  5647 | D:7      | Reached ** piety under Okawaru
  6024 | D:7      | Found a runed door.
  6028 | D:7      | Noticed Crazy Yiuf
  6034 | D:7      | Killed Crazy Yiuf
  6478 | D:8      | Noticed JeffiDaFish's ghost (novice GrFi)
  6510 | D:8      | Killed JeffiDaFish's ghost
  6821 | D:8      | Reached *** piety under Okawaru
  6855 | D:8      | Found a roughly hewn altar of Beogh.
  7704 | D:9      | Reached skill level 10 in Maces & Flails
  7852 | D:9      | Reached **** piety under Okawaru
  8204 | D:9      | Reached XP level 11. HP: 68/68 MP: 11/11
  8209 | D:9      | Got an ancient spear
  8210 | D:9      | Identified the +4 spear of the Eight Lives {pierce, +Inv Dex+3} (You found it on level 9 of the Dungeon)
  8314 | D:10     | Entered Level 10 of the Dungeon
  8711 | D:10     | Reached ***** piety under Okawaru
  8837 | D:11     | Found a staircase to the Lair.
  9113 | D:11     | Reached skill level 10 in Shields
  9526 | Lair:1   | Entered Level 1 of the Lair of Beasts
  9545 | Lair:1   | Found a labyrinth entrance.
  9552 | Lab      | Entered a labyrinth
 11049 | Lab      | Found an exit through the horrors of the Abyss.
 11258 | Lab      | Found an exit through the horrors of the Abyss.
 11469 | Lab      | Noticed a minotaur
 11484 | Lab      | Killed a minotaur
 11484 | Lab      | Received a gift from Okawaru
 11485 | Lab      | Got a heavily runed chain mail {god gift}
 11486 | Lab      | Identified the +8 chain mail of the Six Runes {rC+ Dex+4 SInv} (Okawaru gifted it to you in a labyrinth)
 11620 | Lair:1   | Reached skill level 10 in Armour
 11631 | Lair:1   | Reached XP level 12. HP: 56/76 MP: 12/12
 11800 | Lair:1   | Noticed Nergalle
 11822 | Lair:1   | Killed Nergalle
 12201 | Lair:1   | Noticed a four-headed hydra
 12216 | Lair:1   | Killed a four-headed hydra
 12216 | Lair:1   | Reached ****** piety under Okawaru
 12623 | Lair:2   | Found a staircase to the Snake Pit.
 12888 | Lair:2   | Noticed Danteric's ghost (journeyman DsFi)
 12920 | Lair:2   | Killed Danteric's ghost
 12920 | Lair:2   | Received a gift from Okawaru
 12979 | Lair:2   | Found a staircase to the Shoals.
 13222 | Lair:2   | Noticed an eight-headed hydra
 13231 | Lair:2   | Killed an eight-headed hydra
 13638 | Lair:3   | Reached skill level 10 in Fighting
 13783 | Lair:3   | Identified the +6 long sword "Ugahek" {venom, rF+ rC+ Str+3 Int-2} (You found it on level 3 of the Lair of Beasts)
 13794 | Lair:3   | Noticed Harold
 13808 | Lair:3   | Killed Harold
 13942 | Lair:3   | Found a dark tunnel.
 13961 | Volcano  | Entered a volcano
 13978 | Volcano  | Noticed Grinner's ghost (novice TrFi)
 13985 | Volcano  | Reached XP level 13. HP: 66/82 MP: 13/13
 13996 | Volcano  | Killed Grinner's ghost
 14006 | Volcano  | Received a gift from Okawaru
 14042 | Volcano  | Identified the +0 helmet of the Shoals {*Drain rN+ Int+3 Dex+8} (Okawaru gifted it to you in a volcano)
 15072 | Lair:4   | Learned a level 2 spell: Swiftness
 15708 | Lair:5   | Identified the cursed +2 long sword of Keluex {slice, +Fly MR- MP+9} (You found it on level 5 of the Lair of Beasts)
 16074 | Lair:5   | Received a gift from Okawaru
 16121 | Lair:5   | Identified a +0 pair of boots of running (Okawaru gifted it to you on level 5 of the Lair of Beasts)
 16150 | Lair:5   | Found a runed door.
 16150 | Lair:5   | Found a viscous altar of Jiyva.
 16150 | Lair:5   | Found a staircase to the Slime Pits.
 16387 | Lair:6   | Entered Level 6 of the Lair of Beasts
 16826 | Lair:6   | Gained mutation: Your large and strong wings let you fly indefinitely. [Gargoyle growth]
 16826 | Lair:6   | Reached XP level 14. HP: 86/90 MP: 14/14
 16913 | Lair:6   | Learned a level 9 spell: Shatter
 17018 | Lair:6   | Reached skill level 1 in Earth Magic
 17105 | Lair:6   | Reached skill level 1 in Spellcasting
 17225 | Lair:6   | Received a gift from Okawaru
 17884 | Lair:6   | Found a runed door.
 19001 | D:12     | Noticed Psyche
 19010 | D:12     | Killed Psyche
 19124 | D:12     | Noticed Maurice
 19135 | D:12     | Killed Maurice
 19184 | D:12     | Received a gift from Okawaru
 19187 | D:12     | Got an iridescent morningstar {god gift}
 19188 | D:12     | Identified the +9 morningstar of Eburaxit {protect, rPois rC- MR++ Int+4} (Okawaru gifted it to you on level 12 of the Dungeon)
 19369 | D:12     | Found a staircase to the Orcish Mines.
 19569 | D:13     | Found a gate to the Vaults.
 19627 | D:13     | Found a flagged portal.
 19656 | Bailey   | Entered a bailey
 19656 | Bailey   | Noticed darthinebriated's ghost (novice MiFi)
 19676 | Bailey   | Killed darthinebriated's ghost
 19981 | Bailey   | Noticed an orc warlord
 20007 | Bailey   | Killed an orc warlord
 20024 | Bailey   | Reached XP level 15. HP: 88/96 MP: 19/19
 20091 | Bailey   | Reached XP level 16. HP: 101/101 MP: 19/21
 20520 | D:13     | Reached skill level 15 in Maces & Flails
 20680 | D:13     | Found a runed door.
 20746 | D:13     | Reached skill level 5 in Earth Magic
 20866 | D:13     | Got a glittering bone ring
 20867 | D:13     | Identified the ring "Mafrep" {MR+ Dex+2} (You found it on level 13 of the Dungeon)
 21690 | D:13     | Received a gift from Okawaru
 21696 | D:14     | Found a hide-covered altar of Uskayaw.
 22810 | D:15     | Entered Level 15 of the Dungeon
 22810 | D:15     | Found a portal to a secret trove of treasure.
 22816 | D:15     | Reached skill level 15 in Shields
 23032 | D:15     | Received a gift from Okawaru
 23067 | D:15     | Noticed Rupert
 23091 | D:15     | Killed Rupert
 23452 | D:15     | Reached skill level 5 in Spellcasting
 23731 | D:15     | Found a staircase to the Depths.
 23930 | Orc:1    | Entered Level 1 of the Orcish Mines
 24267 | Orc:2    | Entered Level 2 of the Orcish Mines
 24271 | Orc:2    | Found a staircase to the Elven Halls.
 24351 | Orc:2    | Reached XP level 17. HP: 99/109 MP: 24/24
 24390 | Orc:2    | Found a roughly hewn altar of Beogh.
 24479 | Orc:2    | Found a frozen archway.
 24501 | IceCv    | Entered an ice cave
 24967 | Orc:2    | Found a bloodstained altar of Trog.
 24974 | Orc:2    | Received a gift from Okawaru
 26449 | Orc:2    | Found Pikkena's Antique Armour Shop.
 26449 | Orc:2    | Found Qioseme's Antique Armour Shop.
 26450 | Orc:2    | Found Kuycvad's Gadget Shop.
 26450 | Orc:2    | Found Wisulev's Antique Armour Boutique.
 26460 | Orc:2    | Bought a large shield for 99 gold pieces
 26461 | Orc:2    | Bought a polished crystal plate armour for 2125 gold pieces
 26473 | Orc:2    | Identified the +1 crystal plate armour of Recklessness {Regen+ Str-5 Dex+8 SInv} (You bought it in a shop on level 2 of the Orcish Mines)
 26710 | Snake:1  | Entered Level 1 of the Snake Pit
 26832 | Snake:1  | Found a flickering gateway to a bazaar.
 26844 | Bazaar   | Entered a bazaar
 26844 | Bazaar   | Found Siynor's General Store.
 26844 | Bazaar   | Found Qigaoc's Antique Armour Emporium.
 26869 | Bazaar   | Found Ohokyihe's Antique Weapon Boutique.
 26899 | Bazaar   | Found Ybridghos's Jewellery Shoppe.
 26910 | Bazaar   | Found Veuni's Magic Scroll Shoppe.
 27961 | Snake:2  | Received a gift from Okawaru
 29521 | Orc:2    | Bought a scorched plate armour for 756 gold pieces
 29532 | Orc:2    | Identified the cursed +1 plate armour of Terror {rC+} (You bought it in a shop on level 2 of the Orcish Mines)
 29978 | Snake:3  | Noticed Kirke
 29995 | Snake:3  | Killed Kirke
 29995 | Snake:3  | Reached XP level 18. HP: 116/116 MP: 27/27
 30167 | Snake:3  | Received a gift from Okawaru
 31137 | Snake:4  | Entered Level 4 of the Snake Pit
 31175 | Snake:4  | Reached skill level 15 in Armour
 31939 | Snake:4  | Received a gift from Okawaru
 32599 | Snake:4  | Reached skill level 15 in Fighting
 32948 | Snake:4  | Reached XP level 19. HP: 91/124 MP: 29/29
 33177 | Snake:4  | HP: 3/124 [shock serpent/bolt of electricity (5)]
 33655 | Snake:4  | Received a gift from Okawaru
 33834 | Snake:4  | Got a serpentine rune of Zot
 34069 | Shoals:1 | Entered Level 1 of the Shoals
 35045 | Shoals:1 | Found a white marble altar of Elyvilon.
 35568 | Shoals:2 | Reached skill level 10 in Earth Magic
 35991 | Shoals:2 | Upgraded the game from 0.19.4-25-g1b72edd to 0.19.5
 36314 | Shoals:3 | Reached XP level 20. HP: 101/131 MP: 31/31
 36340 | Shoals:3 | Found Tebb's Book Emporium.
 36489 | Shoals:3 | Found Kecwimpa's Antique Armour Shoppe.
 36658 | Shoals:3 | Received a gift from Okawaru
 36675 | Shoals:3 | Got a heavily runed crystal plate armour {god gift}
 36686 | Shoals:3 | Identified the +0 crystal plate armour of the Nine Planets {rElec rPois} (Okawaru gifted it to you on level 3 of the Shoals)
 36975 | Shoals:4 | Entered Level 4 of the Shoals
 37020 | Shoals:4 | Noticed Ilsuiw
 37057 | Shoals:4 | Killed Ilsuiw
 37222 | Shoals:4 | Noticed Chimkentus's ghost (adept SpEn)
 37242 | Shoals:4 | Killed Chimkentus's ghost
 37247 | Shoals:4 | Found Vymm's Antique Weapon Shop.
 37274 | Shoals:4 | Found Oguedak's Magic Scroll Shop.
 37868 | Shoals:4 | Got a scorched steel ring
 37869 | Shoals:4 | Identified the ring "Rouch" {+Fly Dex-4 Slay+3 Stlth+} (You found it on level 4 of the Shoals)
 37921 | Shoals:4 | Found Athiob's Armour Shop.
 37929 | Shoals:4 | Bought the +3 plate armour of the Ant {Str+4} for 534 gold pieces
 37986 | Shoals:4 | Identified the +7 battleaxe of Responsibility {flame, Dex+6 SInv} (You found it on level 4 of the Shoals)
 38306 | Shoals:4 | Got a barnacled rune of Zot
 38684 | Shoals:4 | Received a gift from Okawaru
 38958 | Vaults:1 | Entered Level 1 of the Vaults
 39685 | Vaults:1 | Reached XP level 21. HP: 131/137 MP: 33/33
 39964 | Vaults:1 | Received a gift from Okawaru
 40580 | Vaults:1 | Found Rozufof's Jewellery Emporium.
 41233 | Slime:1  | Entered Level 1 of the Pits of Slime
 41238 | Lair:5   | Fell from the grace of Okawaru
 41238 | Lair:5   | Became a worshipper of Jiyva Jair the Shapeless
 41430 | Vaults:2 | Identified the cursed +1 rapier of Watchfulness {flame, rN+ Stlth+} (You found it on level 2 of the Vaults)
 41758 | Vaults:2 | Paralysed by a floating eye for 4 turns
 41770 | Vaults:2 | Reached * piety under Jiyva
 41869 | Vaults:2 | Reached ** piety under Jiyva
 41890 | Vaults:2 | Reached *** piety under Jiyva
 42264 | Vaults:2 | Gained mutation: You possess an exceptional clarity of mind. [Jiyva's grace]
 42511 | Vaults:2 | Reached **** piety under Jiyva
 42646 | Vaults:2 | Gained mutation: You are frail. (-10% HP) [Jiyva's grace]
 42953 | Vaults:2 | Reached ***** piety under Jiyva
 43044 | Vaults:2 | Gained mutation: You have supernaturally acute eyesight. (SInv) [Jiyva's grace]
 43214 | Vaults:3 | Noticed Donald
 43219 | Vaults:3 | Noticed Sojobo
 43242 | Vaults:3 | Killed Donald
 43586 | Vaults:2 | HP: 6/126 [tengu reaver/great sword of holy wrath[Sojobo] (11)]
 43606 | Vaults:2 | Slain by a tengu reaver

Skill      XL: |  1  2  3  4  5  6  7  8  9 10 11 12 13 14 15 16 17 18 19 20 21 |
---------------+----------------------------------------------------------------+-----
Fighting       | 6 7 8 9 10 11 12 13 14 15 16 17 | 17.4
Maces & Flails | 5 6 7 8 10 11 12 13 14 15 16 17 18 | 18.6
Armour         | 6 7 8 10 11 12 13 14 15 16 17 | 17.7
Shields        | 6 7 8 9 10 11 13 14 15 16 17 18 | 18.9
Dodging        | 1 2 3 4 |  4.3
Stealth        | 1 2 |  2.5
Earth Magic    | 3 4 6 7 9 10 11 12 | 12.2
Spellcasting   | 2 3 5 6 7 8 9 |  9.2
Unarmed Combat | |  0.4

Action                   |  1- 3 |  4- 6 |  7- 9 | 10-12 | 13-15 | 16-18 | 19-21 || total
-------------------------+-------+-------+-------+-------+-------+-------+-------++-------
Melee: Flail             |    60 |   169 |    57 |   798 |  1082 |       |       ||  2166
       Whip              |       |       |   348 |       |       |       |       ||   348
       Unarmed           |       |       |     7 |       |       |       |       ||     7
       Morningstar       |       |       |       |       |   217 |  1859 |  1901 ||  3977
       Demon whip        |       |       |       |       |       |       |    46 ||    46
Invok: Heroism           |       |       |       |       |     1 |     1 |       ||     2
 Abil: Fly               |       |       |       |       |     1 |       |       ||     1
  Use: Potion            |     5 |     4 |     3 |     9 |     1 |     3 |    14 ||    39
       Scroll            |     5 |     1 |     7 |    15 |    11 |    19 |    15 ||    73
  Eat: Chunk             |       |     4 |    10 |    23 |    19 |    33 |    28 ||   117
       Meat ration       |       |       |       |     1 |       |       |       ||     1
       Beef jerky        |       |       |       |     1 |       |       |       ||     1
       Royal jelly       |       |       |       |       |     1 |     3 |     1 ||     5
Armor: Scale mail        |    35 |       |       |       |       |       |       ||    35
       Ice dragon scales |     1 |    93 |   132 |    48 |       |       |       ||   274
       Plate armour      |       |       |       |   190 |       |       |       ||   190
       Chain mail        |       |       |       |   179 |   491 |   666 |   688 ||  2024
Dodge: Dodged            |    26 |    35 |    86 |   198 |   365 |   436 |   355 ||  1501
Block: Shield            |    39 |    80 |   168 |   517 |  1001 |   823 |       ||  2628
       Reflection        |       |       |       |       |     4 |   182 |   193 ||   379
       Large shield      |       |       |       |       |       |  1376 |  2405 ||  3781
